 Dungeon Crawl Stone Soup version 0.26-a0-21-gf97e55dc39 (webtiles) character file.

Game seed: 12192344097868820865, levelgen mode: deterministic

240 Chiseanne the Magician (level 6, -4/44 HPs)
             Began as a Gnoll Wanderer on May 26, 2020.
             Slain by Duvessa
             ... wielding a +3 rapier of venom
              (11 damage)
             ... on level 4 of the Dungeon on May 27, 2020.
             The game lasted 00:11:41 (2416 turns).

Chiseanne the Magician (Gnoll Wanderer)             Turns: 2416, Time: 00:11:42

Health: -4/44      AC:  1    Str: 13    XL:     6   Next: 8%
Magic:  4/16       EV: 12    Int: 17    God:
Gold:   144        SH:  0    Dex: 15    Spells: 13/19 levels left

rFire    . . .     SeeInvis .   s - +0 dagger
rCold    . . .     Gourm    .   (no shield)
rNeg     . . .     Faith    .   g - +2 leather armour {rPois}
rPois    +         Spirit   .   (no helmet)
rElec    .         Reflect  .   (no cloak)
rCorr    .         Harm     .   (no gloves)
MR       .....                  (no boots)
Stlth    ++........             (no amulet)
HPRegen  0.14/turn              (no ring)
MPRegen  0.15/turn              (no ring)

@: corroded, very slightly contaminated
A: distributed training, fangs 1, strong nose
a: no special abilities


You were on level 4 of the Dungeon.
You were hungry.

You visited 1 branch of the dungeon, and saw 4 of its levels.

You collected 144 gold pieces.

Inventory:

Hand Weapons
 a - a +0 spear
 s - a +0 dagger (weapon)
 t - a +4 dagger of distortion
Missiles
 h - 3 atropa-tipped darts
 l - 34 stones (quivered)
 m - 25 bolts
 q - 87 arrows
 r - 31 sling bullets
Armour
 g - a +2 leather armour of poison resistance (worn)
Jewellery
 d - an uncursed ring of stealth {unknown}
Scrolls
 e - 2 scrolls of remove curse
 k - 2 scrolls of teleportation
Potions
 b - 2 potions of brilliance {unknown}
 c - 3 potions of flight
 i - 2 potions of cancellation
 j - a potion of berserk rage {unknown}
 n - 5 potions of curing
 p - 3 potions of heal wounds
 u - a potion of invisibility {unknown}
 v - a potion of haste {unknown}
Comestibles
 f - 4 rations
 o - 2 chunks of flesh


   Skills:
 + Level 1.7 Fighting
 + Level 1.7 Short Blades
 + Level 1.7 Long Blades
 + Level 1.7 Axes
 + Level 1.7 Maces & Flails
 + Level 1.7 Polearms
 + Level 1.7 Staves
 + Level 1.7 Slings
 + Level 1.7 Bows
 + Level 1.7 Crossbows
 + Level 1.7 Throwing
 + Level 1.7 Armour
 + Level 1.7 Dodging
 + Level 2.9 Stealth
 + Level 3.1 Shields
 + Level 1.7 Unarmed Combat
 + Level 7.3 Spellcasting
 + Level 4.0 Conjurations
 + Level 1.3 Hexes
 + Level 1.3 Charms
 + Level 1.3 Summonings
 + Level 4.0 Necromancy
 + Level 1.3 Translocations
 + Level 1.3 Transmutations
 + Level 1.3 Fire Magic
 + Level 1.3 Ice Magic
 + Level 1.3 Air Magic
 + Level 2.5 Earth Magic
 + Level 1.3 Poison Magic
 + Level 2.0 Invocations
 + Level 1.7 Evocations


You had 13 spell levels left.
You knew the following spells:

 Your Spells              Type           Power        Failure   Level  Hunger
a - Magic Dart            Conj           ###.         2%          1    None
c - Blink                 Tloc           N/A          12%         2    None
d - Mephitic Cloud        Conj/Pois/Air  ##......     17%         3    ##.....

Your spell library contained the following spells:

 Spells                   Type           Power        Failure   Level  Hunger
 Foxfire                  Conj/Fire      ###.         4%          1    None
 Sublimation of Blood     Necr           ###.......   4%          2    None
 Corpse Rot               Necr/Air       N/A          7%          2    None
 Call Imp                 Summ           ##......     12%         2    None
 Slow                     Hex            ##......     12%         2    None
 Conjure Flame            Conj/Fire      ###.....     14%         3    ##.....


Dungeon Overview and Level Annotations

Branches:
Dungeon (4/15)
 Temple: D:4-7

Altars:

Annotations:
D:4 Dowan, Duvessa


Innate Abilities, Weirdness & Mutations

Your experience applies equally to all skills.
You have very sharp teeth.
Your uncanny sense of smell can sniff out nearby items.


Message History

Confirm with . or Enter, or press ? or * to list all spells.
Aiming: Mephitic Cloud (dangerous; 17% risk of failure)
Press: ? - help, Shift-Dir - straight line, f - Duvessa
Aim: Duvessa, wielding a +3 rapier of venom and wearing a +0 leather armour You miscast Mephitic Cloud.
You are very lightly contaminated with residual magic.
Nothing appears to happen.
Duvessa hits you with a +3 rapier of venom!
* * * LOW HITPOINT WARNING * * *
Casting: Mephitic Cloud (dangerous; 17% risk of failure)
Confirm with . or Enter, or press ? or * to list all spells.
Aiming: Mephitic Cloud (dangerous; 17% risk of failure)
Press: ? - help, Shift-Dir - straight line, f/p - Duvessa
Aim: Duvessa, wielding a +3 rapier of venom and wearing a +0 leather armour The ball explodes into a vile cloud!
The stinking cloud engulfs Duvessa but does no damage.
The stinking cloud engulfs you but does no damage.
Duvessa is engulfed in noxious fumes.
Duvessa appears confused.
Duvessa hits you with a +3 rapier of venom!
You die...

#.# #.# #.# .....#
.. #.##.# #.. .
.######.##.####
#.###.
...............
..... #@##.## #..#
#e##.†#####..#
####.#..........#
#.........).....#
#..e##.#..####..#
#...##.......#..#
#...#####..#.#..#
#...######.#.#..#
+........#.#.#..##


You could see Duvessa (confused) and Dowan.

Vanquished Creatures
  A jelly (D:4)
  A howler monkey (D:4)
  A bullfrog skeleton (D:4)
  Jessica (D:3)
  3 adders
  An ooze (D:2)
  An adder skeleton (D:4)
  3 worms
  3 dart slugs
  2 leopard geckos (D:1)
  2 orcs (D:4)
  2 ball pythons
  9 bats
  5 giant cockroaches
  4 goblins
  5 hobgoblins
  3 jackals (D:2)
  12 kobolds
  3 frilled lizards
  7 rats
69 creatures vanquished.

Notes
Turn   | Place    | Note
-------+----------+-------------------------------------------
     0 | D:1      | Chiseanne the Gnoll Wanderer began the quest for the Orb.
     0 | D:1      | Chiseanne set off with the following items: a +0 dagger, a
                  | +0 robe, a ration; and the following spells available to
                  | memorise: Magic Dart, Sublimation of Blood, Foxfire, Corpse
                  | Rot, Conjure Flame, Blink, Call Imp, Slow, Mephitic Cloud
     0 | D:1      | Reached XP level 1. HP: 13/13 MP: 8/8
     6 | D:1      | Learned a level 1 spell: Magic Dart
   149 | D:1      | Reached XP level 2. HP: 17/19 MP: 6/10
   551 | D:1      | Reached XP level 3. HP: 25/25 MP: 4/11
   637 | D:1      | Learned a level 3 spell: Mephitic Cloud
   640 | D:1      | Learned a level 2 spell: Blink
   761 | D:2      | Reached skill level 1 in Invocations
  1038 | D:2      | Reached skill level 1 in Fighting
  1038 | D:2      | Reached skill level 1 in Short Blades
  1038 | D:2      | Reached skill level 1 in Long Blades
  1038 | D:2      | Reached skill level 1 in Axes
  1038 | D:2      | Reached skill level 1 in Maces & Flails
  1038 | D:2      | Reached skill level 1 in Polearms
  1038 | D:2      | Reached skill level 1 in Staves
  1038 | D:2      | Reached skill level 1 in Slings
  1038 | D:2      | Reached skill level 1 in Bows
  1038 | D:2      | Reached skill level 1 in Crossbows
  1038 | D:2      | Reached skill level 1 in Throwing
  1038 | D:2      | Reached skill level 1 in Armour
  1038 | D:2      | Reached skill level 1 in Dodging
  1038 | D:2      | Reached skill level 1 in Unarmed Combat
  1038 | D:2      | Reached skill level 1 in Evocations
  1074 | D:2      | Reached XP level 4. HP: 32/32 MP: 13/13
  1780 | D:3      | Noticed Jessica
  1783 | D:3      | Killed Jessica
  1783 | D:3      | Reached skill level 1 in Hexes
  1783 | D:3      | Reached skill level 1 in Charms
  1783 | D:3      | Reached skill level 1 in Summonings
  1783 | D:3      | Reached skill level 1 in Translocations
  1783 | D:3      | Reached skill level 1 in Transmutations
  1783 | D:3      | Reached skill level 1 in Fire Magic
  1783 | D:3      | Reached skill level 1 in Ice Magic
  1783 | D:3      | Reached skill level 1 in Air Magic
  1783 | D:3      | Reached skill level 1 in Poison Magic
  1824 | D:3      | Reached XP level 5. HP: 37/37 MP: 11/14
  2110 | D:4      | Noticed Duvessa
  2393 | D:4      | Noticed Dowan
  2414 | D:4      | Reached XP level 6. HP: 16/44 MP: 9/16
  2416 | D:4      | Slain by Duvessa

Illustrated notes

Levels and vault maps discovered:
D:1:      tarquinn_simple_flora_water_e, layout_basic, minmay_pentomino_v4
D:2:      layout_loops_ring, nrook_uturn, elyvilon_altar_3
D:3:      layout_loops_ring, first_ration, uniq_jessica
D:4:      layout_basic, grunt_tough_drop, uniq_duvessa

Skill      XL: |  1  2  3  4  5 |
---------------+----------------+-----
Earth Magic    | 2 |  2.5
Invocations    | 1 2 |  2.0
Fighting       | 1 |  1.7
Short Blades   | 1 |  1.7
Long Blades    | 1 |  1.7
Axes           | 1 |  1.7
Maces & Flails | 1 |  1.7
Polearms       | 1 |  1.7
Staves         | 1 |  1.7
Slings         | 1 |  1.7
Bows           | 1 |  1.7
Crossbows      | 1 |  1.7
Throwing       | 1 |  1.7
Armour         | 1 |  1.7
Dodging        | 1 |  1.7
Unarmed Combat | 1 |  1.7
Evocations     | 1 |  1.7
Hexes          | 1 |  1.3
Charms         | 1 |  1.3
Summonings     | 1 |  1.3
Translocations | 1 |  1.3
Transmutations | 1 |  1.3
Fire Magic     | 1 |  1.3
Ice Magic      | 1 |  1.3
Air Magic      | 1 |  1.3
Poison Magic   | 1 |  1.3
Shields        | 3 |  3.1
Conjurations   | 4 |  4.0
Necromancy     | 4 |  4.0
Stealth        | |  2.9
Spellcasting   | |  7.3

Action                   |  1- 3 |  4- 6 || total
-------------------------+-------+-------++-------
Melee: Dagger            |     6 |    20 ||    26
       Spear             |    15 |       ||    15
       Bite              |     1 |     2 ||     3
 Cast: Magic Dart        |    69 |    88 ||   157
       Mephitic Cloud    |     1 |     1 ||     2
  Use: Scroll            |     5 |     4 ||     9
 Stab: Sleeping          |     4 |     3 ||     7
       Distracted        |       |     1 ||     1
  Eat: Chunk             |       |     4 ||     4
Armor: Robe              |     7 |     3 ||    10
       Leather armour    |       |     1 ||     1
Dodge: Dodged            |    23 |    23 ||    46

Table legend:
 A = Non-vault XP
 B = Vault XP
 C = Vault XP percentage of total XP
 D = Non-vault monster count
 E = Vault monster count
 F = Vault count percentage of total count
                 A         B        C        D         E       F
            +---------+---------+-------+---------+---------+-------
      Total |     303 |      40 |  11.7 |      66 |       3 |   4.3
            +---------+---------+-------+---------+---------+-------
        D:1 |      35 |       3 |   7.9 |      18 |       2 |  10.0
        D:2 |      79 |       0 |   0.0 |      26 |       0 |   0.0
        D:3 |      30 |      37 |  55.2 |      12 |       1 |   7.7
        D:4 |     159 |       0 |   0.0 |      10 |       0 |   0.0
            +---------+---------+-------+---------+---------+-------
